 Dungeon Crawl Stone Soup version 0.28-a0-1142-gc8569940dd (webtiles) character file.

Game seed: 16952775032515460957

319094 GordonOverkill the Slayer (level 20, -9/176 (213) HPs)
             Began as a Minotaur Cinder Acolyte on Dec 13, 2021.
             Was an Initiate of Ignis.
             Killed from afar by a deep elf death mage (27 damage)
             ... with a bolt of negative energy
             ... on level 5 of the Vaults.
             The game lasted 01:57:55 (63102 turns).

GordonOverkill the Slayer (MiCA)                   Turns: 63102, Time: 01:57:55

HP:   -9/176 (213)  AC: 37    Str: 34    XL:     20   Next: 93%
MP:   20/20         EV: 11    Int: 17    God:    Ignis [......]
Gold: 4776          SH: 24    Dex: 16    Spells: 21/21 levels left

rFire   + . .      SeeInvis .   a - +3 broad axe (spect)
rCold   . . .      Faith    .   l - +0 tower shield
rNeg    . . .      Spirit   .   t - +0 crystal plate armour
rPois   +          Reflect  +   (helmet restricted)
rElec   +          Harm     .   X - +2 cloak {rPois}
rCorr   .          Rampage  .   N - +2 pair of gloves of Nomuk {-Cast +Inv Dex+4}
Will    ++...      NoCast   +   K - +1 pair of boots
Stlth   ..........              F - amulet of reflection
HPRegen 0.39/turn               s - ring of Gozag's Esteem {rElec rPois Str+6}
MPRegen 0.17/turn               V - ring of Baoqij {Will+ Str+3 Int+6 Dex+3 Stlth-}

@: hasted, heavily drained, very quick
A: horns 2, retaliatory headbutt
}: 1/15 runes: gossamer
a: Renounce Religion, Evoke Invisibility, Rising Flame


You were on level 5 of the Vaults.
You worshipped Ignis.
Ignis was noncommittal.
You visited 5 branches of the dungeon, and saw 32 of its levels.
You visited the Abyss 1 time.
You also visited: Bailey, Gauntlet and Ice Cave.

You collected 5820 gold pieces.
You spent 1044 gold pieces at shops.

Inventory:

Hand Weapons
 a - a +3 spectral broad axe (weapon)
 b - a +3 broad axe
 k - a +0 vampiric broad axe
 m - a +2 war axe of flaming
Missiles
 v - 14 curare-tipped darts (quivered)
 w - 9 throwing nets
Armour
 l - a +0 tower shield (worn)
 t - a +0 crystal plate armour (worn)
 K - a +1 pair of boots (worn)
 N - the +2 pair of gloves of Nomuk (worn) {-Cast +Inv Dex+4}
   (You bought it in a shop on level 2 of the Orcish Mines)

   Dex:       It affects your dexterity (+4).
   +Inv:      It lets you turn invisible.
   -Cast:     It prevents spellcasting.
 X - a +2 cloak of poison resistance (worn)
Jewellery
 e - an amulet of magic regeneration
 r - a ring of see invisible
 s - the ring of Gozag's Esteem (left hand) {rElec rPois Str+6}
   (You acquired it on level 13 of the Dungeon)

   [ring of strength]

   Str:       It affects your strength (+6).
   rElec:     It insulates you from electricity.
   rPois:     It protects you from poison.
 B - a ring of willpower
 F - an amulet of reflection (around neck)
 L - a ring of protection from fire
 T - a ring of willpower
 V - the ring of Baoqij (right hand) {Will+ Str+3 Int+6 Dex+3 Stlth-}
   (You found it in a Gauntlet)

   [ring of intelligence]

   Str:       It affects your strength (+3).
   Int:       It affects your intelligence (+6).
   Dex:       It affects your dexterity (+3).
   Will:      It increases your willpower.
   Stlth:     It makes you less stealthy.
 Z - a ring of protection from cold
Wands
 d - a wand of digging (6)
 n - a wand of polymorph (15)
 o - a wand of paralysis (25)
 u - a wand of mindburst (5)
 E - a wand of charming (14)
Scrolls
 c - 3 scrolls of amnesia
 g - 7 scrolls of magic mapping
 h - 13 scrolls of identify
 i - 4 scrolls of teleportation
 p - 9 scrolls of immolation
 x - 3 scrolls of fear
 A - a scroll of enchant weapon
 H - 2 scrolls of silence
 P - 3 scrolls of brand weapon
 R - a scroll of holy word
 U - 3 scrolls of fog
Potions
 j - 6 potions of lignification
 q - 4 potions of flight
 z - 4 potions of might
 C - 4 potions of cancellation
 D - 8 potions of curing
 G - 2 potions of mutation
 Q - 3 potions of haste
Miscellaneous
 f - a phantom mirror
 S - a phial of floods (inert)


   Skills:
 - Level 26.0 Fighting
 - Level 18.0 Axes
 - Level 20.0 Armour
 - Level 12.0 Dodging
 - Level 15.0 Shields
 - Level 1.0 Spellcasting
 - Level 2.1 Fire Magic
 + Level 15.4 Evocations


You had 21 spell levels left.
You didn't know any spells.
Your spell library contained the following spells:

 Spells                   Type           Power      Damage    Failure   Level
 Scorch                   Fire           16%        2d6       98%         2
 Animate Skeleton         Necr           0%         N/A       99%         1
 Magic Dart               Conj           0%         1d3       99%         1
 Pain                     Necr           0%         1d4       99%         1
 Slow                     Hex            0%         N/A       99%         1
 Blink                    Tloc           0%         N/A       100%        2
 Corpse Rot               Necr/Air       0%         N/A       100%        2
 Ensorcelled Hibernation  Hex/Ice        0%         N/A       100%        2
 Poisonous Vapours        Pois/Air       0%         N/A       100%        2
 Searing Ray              Conj           0%         2d4       100%        2
 Static Discharge         Conj/Air       0%         N/A       100%        2
 Call Canine Familiar     Summ           0%         N/A       100%        3
 Confusing Touch          Hex            0%         N/A       100%        3
 Ignite Poison            Fire/Tmut/Pois 3%         N/A       100%        3
 Inner Flame              Hex/Fire       4%         N/A       100%        3
 Mephitic Cloud           Conj/Pois/Air  0%         N/A       100%        3
 Ozocubu's Armour         Ice            0%         N/A       100%        3
 Portal Projectile        Hex/Tloc       0%         N/A       100%        3
 Spider Form              Tmut/Pois      0%         N/A       100%        3
 Vampiric Draining        Necr           0%         2d6       100%        3
 Animate Armour           Summ/Erth      0%         N/A       100%        4
 Cause Fear               Hex            0%         N/A       100%        4
 Dispel Undead            Necr           0%         3d6       100%        4
 Flame Wave               Conj/Fire      4%         2d4       100%        4
 Fulminant Prism          Conj/Hex       0%         3d6       100%        4
 Leda's Liquefaction      Hex/Erth       0%         N/A       100%        4
 Passage of Golubria      Tloc           0%         N/A       100%        4
 Petrify                  Tmut/Erth      0%         N/A       100%        4
 Sticky Flame             Conj/Fire      4%         2d3       100%        4
 Summon Ice Beast         Ice/Summ       0%         N/A       100%        4
 Blade Hands              Tmut           0%         N/A       100%        5
 Freezing Cloud           Conj/Ice/Air   0%         6-21      100%        5
 Lee's Rapid Deconstruct  Erth           0%         3d5*      100%        5
 Manifold Assault         Tloc           0%         N/A       100%        5
 Metabolic Englaciation   Hex/Ice        0%         N/A       100%        5
 Silence                  Hex/Air        0%         N/A       100%        5
 Summon Mana Viper        Hex/Summ       0%         N/A       100%        5
 Yara's Violent Unravell  Hex/Tmut       0%         3d3       100%        5
 Death Channel            Necr           0%         N/A       100%        6
 Dispersal                Tloc           0%         N/A       100%        6
 Iron Shot                Conj/Erth      0%         9d1       100%        6
 Starburst                Conj/Fire      2%         6d3       100%        6
 Statue Form              Tmut/Erth      0%         N/A       100%        6
 Summon Cactus Giant      Summ           0%         N/A       100%        6
 Dragon Form              Tmut           0%         N/A       100%        7
 Monstrous Menagerie      Summ           0%         N/A       100%        7
 Ozocubu's Refrigeration  Ice            0%         4d5       100%        7
 Storm Form               Tmut/Air       0%         N/A       100%        7
 Discord                  Hex            0%         N/A       100%        8
 Disjunction              Tloc           0%         N/A       100%        8
 Lehudib's Crystal Spear  Conj/Erth      0%         10d2      100%        8
 Dragon's Call            Summ           0%         N/A       100%        9


Dungeon Overview and Level Annotations

Branches:
Dungeon (15/15)            Temple (0/1) D:7            Lair (6/6) D:11
 Shoals (0/4) Lair:2       Spider (4/4) Lair:2        Slime (0/5) Lair:6
    Orc (2/2) D:11            Elf (0/3) Orc:2        Vaults (5/5) D:14
  Crypt (0/3) Vaults:2     Depths (0/4) D:15         Bailey (visited)
  IceCv (visited)         Gauntlet (visited)

Altars:
Ashenzari
Cheibriados
Dithmenos
Elyvilon
Fedhas
Hepliaklqana
Makhleb
Nemelex Xobeh
Okawaru
Qazlal
Ru
Wu Jian
Xom
Yredelemnul
Zin
Beogh

Shops:
D:4 ?   D:6 *   D:10 [   Orc:2 *[[(!

Portals:
Hell: Lair:6
Trove: D:13 (give 7 scrolls of fog)

Annotations:
D:10 exclusion: ice statue
D:15 Roxanne
Vaults:5 Jory


Innate Abilities, Weirdness & Mutations

You have a pair of horns on your head.
You reflexively headbutt those who attack you in melee.


Message History

You feel better.
You start resting.
A deep elf death mage is nearby!
Okay, then.
Aiming: Iceblast
Press: ? - help, Shift-Dir - straight line, f - deep elf death mage
Aim: a deep elf death mage, wielding a +0 short sword and wearing a +3 leather armour (heavily wounded)
The mass of ice explodes!
The iceblast engulfs the deep elf death mage!!
The deep elf death mage is almost dead.
The iceblast engulfs the storm dragon.
The storm dragon partially resists.
The storm dragon is lightly wounded.
The now-empty wand crumbles to dust.
You hear a shout! x2
That's the wrong kind of item! (Use * to select it.) Evoke which item? (* to show all) (? for menu, Esc to quit)
Okay, then.
You're wearing all the rings you can.
Remove which one? (? for menu, Esc to cancel) < or
T - a ring of willpower > or
V - the ring of Baoqij {Will+ Str+3 Int+6 Dex+3 Stlth-} You remove your ring of willpower.
The storm dragon breathes lightning at you.
The bolt of lightning hits you!!!
* * * LOW HITPOINT WARNING * * *
You hear a shout!
You feel stronger.
s - the ring of Gozag's Esteem (left hand) {rElec rPois Str+6} A dread lich comes into view.
Unknown command.
Unknown command.
As you read the scroll of fog, it crumbles to dust.
The scroll dissolves into smoke.
Okay, then.
Okay, then.
Unknown command.
You feel yourself speed up.
The deep elf death mage points at you and mumbles some strange words.
The bolt of negative energy hits you!!
You feel drained.
You die...

...#
...#
#.L#
#..#
#..#
#..#
#..#
#§§#
#§@#
#§§#
#e§#
#..#
#.D#
#..#
#§.#
#p§#
#§§#


You could see a dread lich and a deep elf death mage.

Vanquished Creatures
  2 dread liches (Vaults:5)
  An ancient lich (Vaults:5)
  Margery (Vaults:5)
  Mlioglotl (Spider:1)
  2 titans (Vaults:5)
  A sphinx (Vaults:2)
  2 storm dragons (Vaults:5)
  A shadow dragon (Vaults:5)
  Donald (Spider:1)
  3 fire giants
  9 tengu reavers
  2 deep elf sorcerers
  21 vault wardens
  3 orc warlords
  4 ghost moths
  5 emperor scorpions
  3 frost giants
  A ghoul (Vaults:2)
  26 ironbound preservers
  5 very ugly things
  A war gargoyle (Vaults:2)
  5 stone giants
  A vampire knight (Vaults:2)
  Azrael (D:15)
  A deep elf demonologist (Vaults:2)
  2 spark wasps
  18 dire elephants
  A minotaur (Gauntlet)
  A deep elf annihilator (Vaults:5)
  A white draconian (IceCv)
  An entropy weaver (Lair:2)
  3 ettins (Vaults:5)
  A deep elf high priest (Vaults:5)
  13 yaktaur captains
  3 great orbs of eyes
  6 ironbound thunderhulks
  13 boulder beetles
  A hell beast (Gauntlet)
  5 hydras
  An anaconda (Lair:6)
  7 ironbound frosthearts
  An anaconda (shapeshifter) (Vaults:2)
  A death knight (Vaults:2)
  13 two-headed ogres
  13 centaur warriors
  5 ogre magi
  44 vault guards
  An alligator (shapeshifter) (Vaults:2)
  9 death yaks
  2 tengu warriors (D:15)
  3 hell hogs (Abyss:4)
  Sonja (D:13)
  5 hell knights (Vaults:5)
  4 skeletal warriors
  A sixfirhy (Lair:6)
  59 deep trolls
  A glowing orange brain (Vaults:3)
  2 starcursed masses (Abyss:4)
  14 lindwurms
  3 phantasmal warriors
  8 orc knights
  5 necromancers
  16 ironbound convokers
  16 orb spiders
  2 human zombies
  A stone giant zombie (Vaults:3)
  An orb spider (shapeshifter) (D:15)
  28 wolf spiders
  10 wizards
  A shining eye (Abyss:4)
  4 orc sorcerers
  3 deep elf pyromancers
  10 harpies
  13 ugly things
  4 cyclopes
  3 manticores
  2 moths of wrath (Spider:4)
  2 ice statues (IceCv)
  7 black mambas
  14 elephants
  Joseph (D:8)
  A rust devil (Gauntlet)
  An eye of devastation (Vaults:2)
  20 vault sentinels
  4 orange demons
  12 cane toads
  A gargoyle (D:12)
  A cane toad (shapeshifter) (D:13)
  10 rime drakes
  An unseen horror (D:12)
  A yaktaur (shapeshifter) (D:15)
  11 komodo dragons
  7 demonic crawlers
  4 freezing wraiths
  A kobold demonologist (D:12)
  35 yaktaurs
  A yaktaur skeleton (Vaults:3)
  A human skeleton (Vaults:4)
  2 red devils (Lair:6)
  An ice devil (Lair:6)
  A hellwing (Lair:6)
  7 trolls
  7 hornets (Spider:4)
  28 jumping spiders
  A wind drake (Lair:2)
  3 polar bears
  36 slime creatures
  A harpy skeleton (Abyss:4)
  2 raiju (Abyss:4)
  5 dream sheep (Lair:5)
  12 blink frogs
  3 large abominations (Abyss:4)
  A fire giant simulacrum (Vaults:4)
  Sigmund (D:2)
  6 shadows
  24 tarantellas
  2 wyverns (Lair:5)
  A ynoxinul (Gauntlet)
  A wraith (D:13)
  81 redbacks
  A human (shapeshifter) (D:15)
  2 fire elementals (D:15)
  64 yaks
  5 basilisks
  A warg (Orc:2)
  4 vampire mosquitoes (D:14)
  A death yak simulacrum (Lair:5)
  2 acid dragons (D:12)
  16 water moccasins
  10 hell hounds
  35 orc warriors
  A sky beast (D:7)
  An ogre skeleton (Vaults:4)
  An ice beast (D:6)
  A necrophage (D:7)
  A boggart (shapeshifter) (Vaults:5)
  11 ogres
  8 wolves
  10 centaurs
  3 kobold brigands
  17 bullfrogs
  A wyvern zombie (D:6)
  8 gnoll sergeants
  4 scorpions
  A water moccasin skeleton (D:5)
  3 killer bees (D:8)
  2 elephant simulacra (Lair:5)
  21 wights
  A human simulacrum (Vaults:3)
  6 lindwurm simulacra (IceCv)
  7 electric eels
  A lava snake (D:11)
  2 crimson imps (D:9)
  4 centaur zombies
  A howler monkey (D:10)
  4 jellies
  A quasit (Abyss:4)
  6 gnoll shamans
  6 komodo dragon simulacra (IceCv)
  A bullfrog skeleton (D:6)
  5 hounds
  19 orc priests
  A centaur skeleton (D:7)
  3 iron imps
  27 orc wizards
  4 iguanas
  A polar bear simulacrum (Lair:5)
  A killer bee zombie (D:6)
  A small abomination (Abyss:4)
  A hound skeleton (D:4)
  4 howler monkey zombies
  4 acid dragon simulacra (IceCv)
  32 gnolls
  6 adders
  3 white imps
  5 steam dragon simulacra (IceCv)
  An ufetubus (Vaults:4)
  An adder skeleton (D:4)
  3 worms
  3 dart slugs
  91 orcs
  8 ball pythons
  9 bats
  12 endoplasms
  3 giant cockroaches
  7 goblins
  10 hobgoblins
  7 jackals
  3 quokkas
  3 frilled lizards
  9 kobolds
  5 rats
1418 creatures vanquished.

Vanquished Creatures (collateral kills)
  A deep elf high priest (Vaults:2)
  A yak (D:10)
  A wight (D:6)
  A gnoll (Bailey)
  4 kobolds (D:9)
8 creatures vanquished.

Vanquished Creatures (others)
  Nikola (Spider:2)
  A wizard (Vaults:3)
  A deep elf pyromancer (D:15)
  A yak (D:8)
  A tarantella (Spider:2)
  A gnoll sergeant (Bailey)
  3 killer bees (D:8)
  An electric eel (Spider:2)
  A gnoll shaman (Bailey)
  An orc wizard (D:11)
  21 foxfires
  40 fungi
  62 plants
  5 toadstools (D:9)
140 creatures vanquished.

Grand Total: 1566 creatures vanquished

Notes
Turn   | Place    | Note
-------+----------+-------------------------------------------
     0 | D:1      | GordonOverkill the Minotaur Cinder Acolyte began the quest
                  | for the Orb.
     0 | D:1      | Reached XP level 1. HP: 19/19 MP: 1/1
   233 | D:1      | Reached skill level 4 in Fighting
   233 | D:1      | Reached XP level 2. HP: 26/27 MP: 2/2
   697 | D:1      | You fall into a shaft and drop 1 floor!
   718 | D:2      | Reached XP level 3. HP: 24/34 MP: 3/3
  1042 | D:2      | Noticed Sigmund
  1791 | D:1      | Reached XP level 4. HP: 22/41 MP: 4/4
  2345 | D:2      | Found a stormy altar of Qazlal.
  2434 | D:2      | Reached skill level 5 in Fighting
  2502 | D:2      | Killed Sigmund
  2503 | D:2      | Reached skill level 5 in Axes
  2503 | D:2      | Reached XP level 5. HP: 50/50 MP: 5/5
  2992 | D:3      | Found a burning altar of Makhleb.
  3018 | D:3      | Found a faded altar of an unknown god.
  3058 | D:3      | Found a blossoming altar of Fedhas.
  3079 | D:3      | Found a shadowy altar of Dithmenos.
  3090 | D:3      | Reached XP level 6. HP: 54/57 MP: 6/6
  3194 | D:3      | Reached skill level 6 in Fighting
  3609 | D:4      | Reached skill level 1 in Shields
  3750 | D:4      | Found a broken altar of Ashenzari.
  3909 | D:4      | Found a basalt altar of Yredelemnul.
  3909 | D:4      | Found a sacrificial altar of Ru.
  4132 | D:4      | Found an ornate altar of the Wu Jian Council.
  4132 | D:4      | Found an iron altar of Okawaru.
  4251 | D:4      | Found Kunekh's Magic Scroll Shop.
  4256 | D:4      | Bought a scroll of blinking for 90 gold pieces
  4256 | D:4      | Bought a scroll of identify for 24 gold pieces
  4396 | D:5      | Entered Level 5 of the Dungeon
  4589 | D:5      | Reached XP level 7. HP: 50/64 MP: 7/7
  5075 | D:5      | Reached skill level 1 in Evocations
  5418 | D:5      | Reached skill level 7 in Fighting
  6579 | D:5      | Reached XP level 8. HP: 61/73 MP: 8/8
  6791 | D:6      | Found Fonucaid's Assorted Antiques.
  6802 | D:6      | Bought a dark potion for 20 gold pieces
  6802 | D:6      | Bought an orange potion for 20 gold pieces
  7296 | D:6      | Reached skill level 5 in Shields
  7306 | D:6      | HP: 3/74 [wyvern zombie (8)]
  7311 | D:6      | Reached skill level 8 in Fighting
  8587 | D:7      | Reached XP level 9. HP: 80/82 MP: 9/9
  9261 | D:6      | Reached skill level 9 in Fighting
  9792 | D:6      | Found Fonucaid's Assorted Antiques.
  9960 | D:7      | Found a staircase to the Ecumenical Temple.
 10042 | D:7      | Found a glowing silver altar of Zin.
 11023 | D:8      | Reached skill level 5 in Evocations
 11681 | D:8      | Noticed Joseph
 11787 | D:8      | Killed Joseph
 11788 | D:8      | Reached skill level 10 in Fighting
 11788 | D:8      | Reached skill level 10 in Axes
 12005 | D:8      | Found a snail-covered altar of Cheibriados.
 12050 | D:8      | Found a white marble altar of Elyvilon.
 13244 | D:6      | Bought a broad axe for 92 gold pieces
 13304 | D:9      | Reached XP level 10. HP: 87/93 MP: 10/10
 13926 | D:9      | Found a flagged portal.
 13938 | Bailey   | Entered a bailey
 15470 | Bailey   | HP: 1/139 [gnoll (12)]
 16275 | D:9      | Found a shimmering altar of Xom.
 17030 | D:10     | Entered Level 10 of the Dungeon
 17207 | D:10     | Found a sparkling altar of Nemelex Xobeh.
 17411 | D:10     | Noticed an ice statue
 18074 | D:10     | Found Laeder's Antique Armour Shop.
 18077 | D:10     | Bought a pair of boots for 135 gold pieces
 18173 | D:10     | Reached skill level 5 in Armour
 18181 | D:10     | Reached XP level 11. HP: 60/101 MP: 11/11
 18624 | D:11     | Noticed a boulder beetle
 18643 | D:11     | Noticed a death yak
 18643 | D:11     | Noticed a death yak
 18643 | D:11     | Found a staircase to the Lair.
 18644 | D:11     | Noticed a death yak
 18652 | D:10     | Killed a death yak
 18653 | D:10     | Reached skill level 11 in Fighting
 18653 | D:10     | Killed a death yak
 18657 | D:11     | Noticed a two-headed ogre
 18667 | D:10     | Killed a death yak
 18668 | D:10     | Reached skill level 15 in Axes
 19055 | D:10     | Killed a two-headed ogre
 19547 | D:11     | Reached skill level 12 in Fighting
 19821 | D:11     | Killed a boulder beetle
 20645 | D:11     | Found a staircase to the Orcish Mines.
 20740 | Lair:1   | Entered Level 1 of the Lair of Beasts
 20763 | Lair:1   | Noticed a seven-headed hydra
 20778 | Lair:1   | Killed a one-headed hydra
 20993 | Lair:1   | Reached skill level 13 in Fighting
 21010 | Lair:1   | Reached skill level 1 in Dodging
 21402 | Lair:1   | Reached XP level 12. HP: 93/115 MP: 12/12
 23125 | Lair:2   | Found a hole to the Spider Nest.
 23413 | Lair:2   | Found a staircase to the Shoals.
 24132 | Lair:3   | Noticed a seven-headed hydra
 24144 | Lair:3   | Killed a one-headed hydra
 24145 | Lair:3   | Reached skill level 5 in Dodging
 24442 | Lair:3   | Noticed a death yak
 24442 | Lair:3   | Noticed a death yak
 24442 | Lair:3   | Noticed a death yak
 24442 | Lair:3   | Noticed a death yak
 24442 | Lair:3   | Noticed a death yak
 24444 | Lair:3   | Noticed a death yak
 24473 | Lair:3   | Killed a death yak
 24481 | Lair:3   | Killed a death yak
 24489 | Lair:3   | Killed a death yak
 24500 | Lair:3   | Killed a death yak
 24513 | Lair:3   | Killed a death yak
 24544 | Lair:3   | Killed a death yak
 24969 | Lair:3   | Reached XP level 13. HP: 122/122 MP: 13/13
 26679 | Lair:4   | Reached skill level 10 in Shields
 27640 | Lair:5   | Found a frozen archway.
 27795 | IceCv    | Entered an ice cave
 28931 | IceCv    | Identified the +0 rapier of Kacipunu {holy, rN+}
 29019 | IceCv    | Noticed a white draconian
 29050 | IceCv    | Killed a white draconian
 29611 | Lair:5   | Reached skill level 10 in Evocations
 29735 | Lair:5   | Identified the +6 arbalest "Simuoset" {elec, Str+2}
 30760 | Lair:6   | Entered Level 6 of the Lair of Beasts
 30847 | Lair:6   | Reached XP level 14. HP: 114/129 MP: 14/14
 31474 | Lair:6   | Found a burning altar of Makhleb.
 31518 | Lair:6   | Reached skill level 14 in Fighting
 31739 | Lair:6   | Found a gateway to Hell.
 32660 | Lair:6   | Found a staircase to the Slime Pits.
 33034 | D:12     | Reached skill level 10 in Armour
 33440 | D:12     | Reached skill level 15 in Fighting
 34951 | D:12     | Reached skill level 16 in Fighting
 35083 | D:13     | Noticed Sonja
 35094 | D:13     | Killed Sonja
 35111 | D:13     | Found a portal to a secret trove of treasure.
 35190 | D:13     | Identified a scroll of acquirement
 35192 | D:13     | Acquired the ring of Gozag's Esteem {rElec rPois Str+6}
 35411 | D:13     | Reached skill level 17 in Fighting
 35773 | D:14     | Reached XP level 15. HP: 140/147 MP: 15/15
 35926 | D:14     | Found a gate leading to a gauntlet.
 35931 | Gauntlet | Entered a Gauntlet
 35931 | Gauntlet | Found a transporter.
 35931 | Gauntlet | Found a transporter.
 35966 | Gauntlet | Found a transporter.
 35969 | Gauntlet | Found a transporter.
 35980 | Gauntlet | Found a transporter.
 35981 | Gauntlet | Found a transporter.
 35989 | Gauntlet | Found a transporter.
 36005 | Gauntlet | Found a transporter.
 36020 | Gauntlet | Found a transporter.
 36024 | Gauntlet | Found a transporter.
 36032 | Gauntlet | Found a transporter.
 36036 | Gauntlet | Found a transporter.
 36270 | Gauntlet | Identified the +8 tower shield "Larad" {rF- SInv Stlth+}
 36304 | Gauntlet | Got Qamiec's Papyrus of Conjuration
 36306 | Gauntlet | Identified the ring of Baoqij {Will+ Str+3 Int+6 Dex+3
                  | Stlth-}
 36573 | D:14     | Reached skill level 18 in Fighting
 36942 | D:14     | Found a gate to the Vaults.
 37036 | D:15     | Entered Level 15 of the Dungeon
 37091 | D:15     | Noticed Azrael
 37111 | D:15     | Killed Azrael
 37372 | D:15     | Found a staircase to the Depths.
 37372 | D:15     | Noticed a frost giant
 37380 | D:15     | Killed a frost giant
 38014 | D:15     | Identified Roxanne's Disquisition on Transmigration
 38014 | D:15     | Noticed Roxanne
 38748 | D:15     | Found a hazy altar of Hepliaklqana.
 39120 | Orc:1    | Entered Level 1 of the Orcish Mines
 39655 | Orc:2    | Entered Level 2 of the Orcish Mines
 39967 | Orc:2    | Found Plog's Distillery.
 40107 | Orc:2    | Found a staircase to the Elven Halls.
 40465 | Orc:2    | Noticed an orc warlord
 40509 | Orc:2    | Killed an orc warlord
 40780 | Orc:2    | Found Ulolumuv's Antique Weapon Shoppe.
 40784 | Orc:2    | Found Bairupe's Antique Armour Emporium.
 40982 | Orc:2    | Found Jehoest's Armour Emporium.
 41015 | Orc:2    | Bought the +2 pair of gloves of Nomuk {-Cast +Inv Dex+4}
                  | for 388 gold pieces
 41069 | Orc:2    | Found Kuiph's General Store.
 41085 | Orc:2    | Bought a scroll of enchant weapon for 75 gold pieces
 41085 | Orc:2    | Bought a scroll of brand weapon for 200 gold pieces
 41465 | Spider:1 | Entered Level 1 of the Spider Nest
 41693 | Lair:2   | Reached skill level 19 in Fighting
 42269 | Spider:1 | Noticed Donald
 42287 | Spider:1 | Killed Donald
 43060 | Spider:2 | Noticed Mlioglotl
 43417 | Spider:1 | Reached XP level 16. HP: 160/160 MP: 16/16
 43622 | Spider:1 | Killed Mlioglotl
 43820 | Spider:2 | Noticed Nikola
 44245 | Spider:2 | Killed Nikola
 45480 | Spider:3 | Reached skill level 15 in Shields
 45483 | Spider:3 | Reached skill level 20 in Fighting
 46358 | Spider:4 | Entered Level 4 of the Spider Nest
 47222 | Spider:4 | Reached skill level 21 in Fighting
 47784 | Spider:4 | Reached XP level 17. HP: 68/173 MP: 17/17
 48213 | Spider:4 | Got a gossamer rune of Zot
 48608 | Vaults:1 | Entered Level 1 of the Vaults
 48949 | Vaults:1 | Reached skill level 10 in Dodging
 49202 | Vaults:1 | Reached skill level 22 in Fighting
 51304 | Vaults:2 | Reached skill level 23 in Fighting
 51400 | Vaults:2 | Reached skill level 15 in Armour
 51871 | Vaults:2 | Reached XP level 18. HP: 188/188 MP: 18/18
 53145 | Vaults:2 | Paralysed by an ogre mage for 6 turns
 53717 | Vaults:2 | Identified the +10 hand axe of Truncation {vorpal, Int+4}
 53809 | Vaults:2 | Identified the +11 dagger of Desperation {flame, rF++ Int+6
                  | Stlth-}
 53871 | Vaults:2 | Found the +8 Vampire's Tooth {vamp}
 54117 | Vaults:2 | Identified the +8 scythe of Indomitability {flame, Int+3
                  | Dex+3}
 54229 | Vaults:2 | Identified the +7 glaive of Hearopiu {speed, rPois}
 54322 | Vaults:2 | Identified the +4 trident of Liowk {protect, rN+ Dex+2}
 54384 | Vaults:2 | Reached skill level 24 in Fighting
 54516 | Vaults:2 | Found a staircase to the Crypt.
 55959 | Vaults:3 | Reached XP level 19. HP: 200/200 MP: 19/19
 56496 | Vaults:3 | Reached skill level 25 in Fighting
 58931 | Vaults:4 | Reached skill level 26 in Fighting
 60026 | Vaults:4 | Reached skill level 15 in Evocations
 60340 | Vaults:5 | Entered Level 5 of the Vaults
 60351 | Vaults:4 | Reached XP level 20. HP: 213/213 MP: 20/20
 60395 | Vaults:5 | Noticed Margery
 60416 | Vaults:5 | Noticed a dread lich
 61359 | Vaults:5 | Cast into level 4 of the Abyss (a deep elf sorcerer)
 61540 | Vaults:5 | Escaped the Abyss
 61548 | Vaults:5 | Noticed a dread lich
 61560 | Vaults:5 | Killed a dread lich
 61616 | Vaults:5 | Noticed Jory
 61617 | Vaults:5 | Noticed an ancient lich
 61641 | Vaults:5 | Killed an ancient lich
 61661 | Vaults:5 | Killed Margery
 62859 | Vaults:5 | Identified the amulet "Suwk" {Acrobat rElec Str+4}
 62950 | Vaults:5 | Noticed a dread lich
 62962 | Vaults:5 | Killed a dread lich
 63100 | Vaults:5 | Noticed a dread lich
 63102 | Vaults:5 | Killed from afar by a deep elf death mage

Illustrated notes

Levels and vault maps discovered:
D:1:      dpeg_arrival_long_road, layout_loops_corners
D:2:      layout_basic, basic_altar, uniq_sigmund
D:3:      layout_basic, mainiacjoe_overflow_paths, mainiacjoe_overflow_24_doors,
          grunt_dithmenos_smoke, ebering_ecumenical_altar_sacrificial
D:4:      layout_loops_cross, gammafunk_temple_overflow_statue,
          mainiacjoe_overflow_boulevard, amethyst_overflow_temple_binary,
          serial_shops, shop, grunt_ministairs_9
D:5:      layout_loops_corners, serial_co_window_serial,
          co_window_of_opportunity_a, co_window_paths_b, co_window_paths_a,
          co_window_corner_a, co_window_paths_a, co_window_of_opportunity_a,
          co_window_paths_a, co_window_corner_a, co_window_paths_a,
          co_window_of_opportunity_b, co_window_corner_cb, co_window_corner_cb,
          co_window_4corner_a, glass_columns_c, glass_columns_a,
          glass_columns_a, glass_columns_a, glass_columns_b
D:6:      layout_loops_ring, serial_shops, shop
D:7:      layout_cave_pools, mainiacjoe_overflow_surrounded_room,
          minmay_temple_entry_hall, minivault_24
D:8:      layout_gridville, elyvilon_altar_3, slow_altar_1, uniq_joseph
D:9:      layout_cave_pools, led_xom_imps, enter_bailey_2,
          minmay_gold_behind_fungi
D:10:     cheibrodos_frozen_isle, layout_loops_corners,
          nicolae_overflow_hidden_temple, serial_shops, kennysheep_mini,
          evilmike_minifort
D:11:     layout_cave_pools, dpeg_lair_monsters, erik_orc_2,
          kennysheep_cluttered_room
D:12:     layout_grid_maze
D:13:     layout_rooms, enter_trove_1, uniq_sonja
D:14:     layout_roguey, david_vaults_1, serial_park_square1
          [serial_park_minivault_5x5_8], gauntlet_entry_generic,
          amcnicky_mini_pool_medium
D:15:     grunt_enter_depths_snipers, layout_stronghold, columned_hall_lemuel,
          nicolae_hepliaklqana_hippocampus, uniq_azrael, uniq_roxanne
Lair:1:   layout_loops_ring, infiniplex_staircase_pool_2
Lair:2:   layout_small_grid, minmay_shoals_entry_beasts,
          nicolae_spider_entry_orb_guardian
Lair:3:   layout_loops_ring, beast_lair_carwin_9, serial_bayou_shore_b,
          serial_bayou_shore_a, grunt_megastairs_5
Lair:4:   layout_cave_pods, serial_bayou_ford_a
Lair:5:   layout_regular_city, portal_ice_cave_entry_ice_simulacra,
          grunt_forest_stairs_basic, st_stairs_6,
          nicolae_lair_grove_arrangements, grunt_megastairs_4,
          lemuel_fruit_tree, serial_bayou_shore_b
Lair:6:   evil_forest, layout_regular_city, nicolae_slime_entry_slimehenge,
          lemuel_fruit_fields
Spider:1: layout_spider_delve, uniq_donald
Spider:2: layout_spider_delve, uniq_nikola, uniq_mlioglotl
Spider:3: layout_spider_delve
Spider:4: spider_rune_water, hangedman_spider_mandibles
Orc:1:    layout_diamond_mine
Orc:2:    grunt_orc_community_town_hall, layout_diamond_mine,
          grunt_orc_community_big_house_1, grunt_orc_community_big_house_1,
          grunt_orc_community_house_3, grunt_orc_community_house_3,
          grunt_orc_community_house_2, grunt_orc_community_house_1,
          grunt_orc_community_house_2, serial_shops, shop_fountains
Vaults:1: v_misc_4, v_rooms_6, nicolae_vaults_what_the_h, v_pattern_2,
          nicolae_vaults_network_square, vaults_room_door_ring,
          hangedman_vaults_snaps, nicolae_vaults_little_squares_4,
          layout_vaults_omnigrid
Vaults:2: nicolae_vaults_little_squares_6, st_greater_box_4,
          minmay_crypt_entry_simple_round, ontoclasm_vaults_ligature,
          hangedman_vaults_corner_blocks, nicolae_vaults_yaktaur_gun_rack,
          vaults_room_pools, v_misc_22, vaults_dpeg_ring,
          nicolae_vaults_triangles, vaults_room_door_hall, v_misc_17,
          nicolae_vaults_gold_heap, v_misc_31, layout_vaults_omnibox
Vaults:3: nicolae_vaults_lopsided_apartments, nicolae_vaults_network_quincunx
          [nicolae_vaults_network_quincunx_subvault,
          nicolae_vaults_network_quincunx_subvault,
          nicolae_vaults_network_quincunx_subvault,
          nicolae_vaults_network_quincunx_subvault,
          nicolae_vaults_network_quincunx_subvault],
          nicolae_vaults_network_barrier, vaults_dpeg_spiral, v_misc_32,
          nicolae_vaults_little_squares_4, nicolae_vaults_ring_of_whatevers,
          v_alt_pattern_4, dpeg_vaults_monster_row, vaults_room_pools,
          nicolae_vaults_little_squares_2, nicolae_vaults_little_squares_6,
          layout_vaults_maze_bifur
Vaults:4: ontoclasm_vaults_ring_small, hangedman_vaults_corner_blocks,
          vaults_room_semicircle, nicolae_vaults_back_hallway, v_misc_33,
          nicolae_vaults_shelves_hall, serial_ice_g, vaults_room_stairs_pillars,
          nicolae_vaults_alarming, vaults_dpeg_encased_lava,
          layout_vaults_chaotic_city
Vaults:5: uniq_margery, uniq_jory

Skill      XL: |  1  2  3  4  5  6  7  8  9 10 11 12 13 14 15 16 17 18 19 20 |
---------------+-------------------------------------------------------------+-----
Fighting       | 4 5 6 7 8 10 13 17 19 21 23 24 26 | 26.0
Axes           | 4 5 6 7 8 11 14 16 17 18 | 18.0
Armour         | 2 3 5 7 8 10 12 13 15 20 | 20.0
Shields        | 2 4 5 8 10 12 13 15 | 15.0
Evocations     | 2 4 5 7 10 12 15 | 15.4
Dodging        | 1 5 8 10 12 | 12.0
Spellcasting   | |  1.0
Fire Magic     | |  2.1

Action                   |  1- 3 |  4- 6 |  7- 9 | 10-12 | 13-15 | 16-18 | 19-21 || total
-------------------------+-------+-------+-------+-------+-------+-------+-------++-------
Melee: Hand axe          |   111 |   109 |    45 |    18 |    32 |       |       ||   315
       Headbutt          |     3 |    20 |    54 |   134 |   302 |   399 |   257 ||  1169
       Unarmed           |       |     4 |       |       |       |       |       ||     4
       Mace              |       |       |   217 |       |       |       |       ||   217
       Flail             |       |       |    72 |       |       |       |       ||    72
       Broad axe         |       |       |     1 |   618 |  1396 |  1022 |   677 ||  3714
Throw: Dart              |       |       |       |    21 |     1 |       |       ||    22
Invok: Foxfire Swarm     |     1 |       |     1 |       |       |       |       ||     2
       Fiery Armour      |       |     3 |     3 |     1 |     2 |       |       ||     9
Evoke: Wand              |       |       |    13 |    25 |    21 |    14 |    13 ||    86
       Phial of floods   |       |       |       |       |       |     1 |     2 ||     3
       Phantom mirror    |       |       |       |       |       |       |     1 ||     1
  Use: Scroll            |       |     8 |    10 |     3 |     6 |    13 |    10 ||    50
       Potion            |       |       |     4 |     3 |     1 |     3 |    13 ||    24
 Stab: Paralysed         |       |       |     9 |     5 |     8 |       |     5 ||    27
       Distracted        |       |       |       |       |       |    13 |    19 ||    32
Armor: Robe              |    29 |       |       |       |       |       |       ||    29
       Scale mail        |       |    17 |       |       |       |       |       ||    17
       Chain mail        |       |    39 |   145 |    18 |       |       |       ||   202
       Crystal plate arm |       |       |       |   238 |   608 |   495 |   238 ||  1579
Dodge: Dodged            |    67 |    37 |    73 |    64 |   197 |   180 |   140 ||   758
Block: Kite shield       |       |    23 |   164 |   310 |   815 |       |       ||  1312
       Reflection        |       |       |       |       |    27 |    45 |    39 ||   111
       Tower shield      |       |       |       |       |   205 |  1060 |   676 ||  1941

Table legend: (Time is in decaauts)
 A = Elapsed time spent in this place.
 B = Non-inter-level travel time spent in this place.
 C = Inter-level travel time spent in this place.
 D = Time resting spent in this place.
 E = Time spent auto-exploring this place.
 F = Levels seen in this place.
 G = Mean time per level.
                   A        B        C        D        E       F      G
               +--------+--------+--------+--------+--------+-----+--------+
         Total |  62971 |  60927 |   2044 |  28468 |  21296 |  36 | 1749.2 |
       Dungeon |  24467 |  23487 |    980 |   9803 |   9750 |  15 | 1631.1 |
          Lair |  10623 |  10285 |    338 |   4530 |   4236 |   6 | 1770.5 |
   Spider Nest |   6796 |   6594 |    202 |   3646 |   1423 |   4 | 1699.0 |
  Orcish Mines |   2198 |   2103 |     95 |    583 |    996 |   2 | 1099.0 |
        Vaults |  14109 |  13682 |    427 |   6774 |   4381 |   5 | 2821.8 |
         Abyss |    177 |    177 |      0 |     16 |      0 |   1 |  177.0 |
        Bailey |   2313 |   2313 |      0 |   1664 |    217 |   1 | 2313.0 |
      Ice Cave |   1766 |   1766 |      0 |   1235 |    172 |   1 | 1766.0 |
      Gauntlet |    517 |    517 |      0 |    213 |    120 |   1 |  517.0 |
               +--------+--------+--------+--------+--------+-----+--------+

Top non-repeatable levels by time:
Vaults:2: 3846 daAuts
Vaults:1: 2860 daAuts
     D:8: 2838 daAuts
Spider:1: 2749 daAuts
Vaults:5: 2525 daAuts
     D:6: 2458 daAuts
Vaults:3: 2447 daAuts
Vaults:4: 2430 daAuts
  Bailey: 2313 daAuts
     D:5: 2309 daAuts
    D:10: 2210 daAuts
Spider:4: 2076 daAuts
  Lair:6: 2006 daAuts
  Lair:1: 1989 daAuts
    D:12: 1971 daAuts
